 Dungeon Crawl Stone Soup version 0.29.1-1-gd02db6906a (webtiles) character file.

Game seed: 616078852547307129

133 Powertoast the Trooper (level 5, -4/70 HPs)
             Began as a Hill Orc Fighter on Sept 19, 2022.
             Slain by a gnoll
             ... wielding a +0 spear
              (6 damage)
             ... on level 3 of the Dungeon.
             The game lasted 00:06:30 (2267 turns).

Powertoast the Trooper (Hill Orc Fighter)           Turns: 2267, Time: 00:06:30

Health: -4/70      AC: 22    Str: 19 (21) XL:     5   Next: 16%
Magic:  1/1        EV:  2    Int: 11 (14) God:
Gold:   41         SH:  4    Dex: 10 (12) Spells: 4/4 levels left

rFire   + . .      SeeInvis .   l - +6 mace of Laoferanao {antimagic, rF+ Will+ Dex+2}
rCold   . . .      Faith    .   c - +0 buckler
rNeg    . . .      Spirit   .   (body armour currently unavailable)
rPois   +          Reflect  .   (helmet currently unavailable)
rElec   .          Harm     .   (cloak currently unavailable)
rCorr   .          Rampage  .   (gloves currently unavailable)
Will    +....      NoTele   +   (boots currently unavailable)
Stlth   +.........              (no amulet)
HPRegen 0.21/turn               h - +6 ring of intelligence
MPRegen 0.07/turn               (no ring)

@: brilliant, tree-form (expiring), hasted, very quick
A: stationary, stasis, torment immunity, boosted hp
a: no special abilities


You were on level 3 of the Dungeon.
You were a tree.
You visited 1 branch of the dungeon, and saw 3 of its levels.

You collected 41 gold pieces.

Inventory:

Hand Weapons
 a - a +1 war axe
 l - the +6 mace of Laoferanao (weapon) {antimagic, rF+ Will+ Dex+2}
   (You found it on level 2 of the Dungeon)

   It reduces the magical energy of the wielder, and disrupts the spells and
   magical abilities of those it strikes.
   Natural abilities and divine invocations are not affected.
   Dex:       It affects your dexterity (+2).
   rF:        It protects you from fire.
   Will:      It increases your willpower.
Armour
 b - a +0 scale mail (melded)
 c - a +0 buckler (worn)
 n - a +0 tower shield
 r - a +0 cloak (melded)
 t - a +0 pair of boots (melded)
Jewellery
 h - a +6 ring of intelligence (left branch)
Scrolls
 f - a scroll of fog
 s - 2 scrolls of acquirement
Potions
 d - a potion of might
 j - 2 potions of lignification


   Skills:
 + Level 4.8 Fighting
 - Level 4.7(5.2) Axes
 * Level 2.5(3.6) Maces & Flails
 - Level 3.2 Armour
 - Level 3.2 Shields


You had 4 spell levels left.
You didn't know any spells.
Your spell library contained the following spells:

 Spells                   Type           Power      Damage    Failure   Level
 Sting                    Tmut/Pois      0%         1d3       43%         1
 Poisonous Vapours        Pois/Air       0%         N/A       56%         2
 Ignite Poison            Fire/Tmut/Pois 0%         N/A       80%         3
 Mephitic Cloud           Conj/Pois/Air  0%         N/A       80%         3
 Olgreb's Toxic Radiance  Pois           0%         N/A       99%         4
 Freezing Cloud           Conj/Ice/Air   0%         6-21      100%        5


Dungeon Overview and Level Annotations

Branches:
Dungeon (3/15)

Altars:


Message History

* * * LOW HITPOINT WARNING * * *
The gnoll hits you but does no damage. The gnoll hits you but does no damage.
The gnoll barely misses you. The gnoll hits you but does no damage.
The gnoll hits you but does no damage. x3
The gnoll hits you but does no damage.
The gnoll hits you from afar with a +0 spear.
* * * LOW HITPOINT WARNING * * *
The gnoll hits you but does no damage.
Your transformation is almost over.
The gnoll hits you but does no damage.
The gnoll hits you from afar with a +0 spear.
* * * LOW HITPOINT WARNING * * *
The gnoll barely misses you.
The gnoll hits you but does no damage. x2
The gnoll hits you from afar with a +0 spear.
* * * LOW HITPOINT WARNING * * *
The gnoll hits you from afar with a +0 spear.
* * * LOW HITPOINT WARNING * * *
The gnoll hits you but does no damage. x2
Throw: throwing net
Press: ? - help, Q - select action Shift-Dir - straight line, f - gnoll
Aim: a gnoll, wielding a +0 spear and wearing a +0 robe (moderately wounded, 61% to hit)
You throw a throwing net.
The throwing net barely misses the gnoll.
The gnoll hits you but does no damage. x3
You cannot move.
Unknown command.
You cannot move.
You cannot move.
You cannot move.
You cannot move.
Sorry, you're not good enough to have a special ability.
The gnoll hits you but does no damage. You block the gnoll's attack.
The gnoll hits you from afar with a +0 spear.
* * * LOW HITPOINT WARNING * * *
You block the gnoll's attack.
The gnoll hits you but does no damage. x2
The gnoll hits you but does no damage.
The gnoll hits you from afar with a +0 spear.
You die...

##...#.............#
#...#.............# #
#...#.............# .#
##...#......[......# .# # #
......##.##........#..#.#.#
##.......##.....(..#.......
###.....## .§§.. ....#
#......####+###g##...[.#
#............♣†g........
#.............#g#.......
#.............###.##.#..
##.##+#.......###.# # #.#
#.........#.# #.#
#.........#.. #.#
#.........### ............#
###.........#


You could see 3 gnolls.

Vanquished Creatures
  Crazy Yiuf (D:2)
  3 adders (D:2)
  A worm (D:3)
  3 dart slugs
  8 endoplasms
  A giant cockroach (D:1)
  5 goblins
  9 hobgoblins
  4 jackals (D:1)
  5 kobolds
  2 quokkas
  6 ball pythons
  6 bats
  10 frilled lizards
  5 rats
69 creatures vanquished.

Vanquished Creatures (others)
  5 plants (D:2)
5 creatures vanquished.

Grand Total: 74 creatures vanquished

Notes
Turn   | Place    | Note
-------+----------+-------------------------------------------
     0 | D:1      | Powertoast the Hill Orc Fighter began the quest for the
                  | Orb.
     0 | D:1      | Reached XP level 1. HP: 19/19 MP: 1/1
    83 | D:1      | Reached XP level 2. HP: 24/27 MP: 2/2
   562 | D:1      | Reached XP level 3. HP: 31/33 MP: 3/3
  1217 | D:2      | Identified the +6 mace of Laoferanao {antimagic, rF+ Will+
                  | Dex+2}
  1287 | D:2      | Reached XP level 4. HP: 37/41 MP: 1/4
  1334 | D:2      | Reached skill level 1 in Maces & Flails
  1522 | D:2      | Found a faded altar of an unknown god.
  1618 | D:2      | Found a runed translucent door.
  1619 | D:2      | Noticed Crazy Yiuf
  1711 | D:2      | Killed Crazy Yiuf
  2100 | D:3      | Reached XP level 5. HP: 47/47 MP: 1/5
  2241 | D:3      | HP: 2/70 [gnoll/+0 spear (6)]
  2247 | D:3      | Identified 2 scrolls of acquirement
  2264 | D:3      | HP: 2/70 [gnoll/+0 spear (3)]
  2267 | D:3      | Slain by a gnoll

Illustrated notes

Levels and vault maps discovered:
D:1:      dpeg_arrival_morbid_curiosity, layout_basic
D:2:      layout_rooms, shapermc_ecumenical_altar_gd, minmay_lizard_king,
          uniq_crazy_yiuf_cottage
D:3:      layout_basic

Skill      XL: |  1  2  3  4 |
---------------+-------------+-----
Axes           | 3 4 |  4.7
Fighting       | 4 |  4.8
Maces & Flails | 2 |  2.5
Armour         | |  3.2
Shields        | |  3.2

Action                   |  1- 3 |  4- 6 || total
-------------------------+-------+-------++-------
Melee: War axe           |    95 |       ||    95
       Mace              |     9 |    57 ||    66
Throw: Throwing net      |       |     1 ||     1
  Use: Potion            |       |     7 ||     7
       Scroll            |       |     4 ||     4
Armor: Scale mail        |    43 |    38 ||    81
       Skin              |       |    48 ||    48
Dodge: Dodged            |    51 |    43 ||    94
Block: Buckler           |    23 |    35 ||    58
